[Event "EU-ch 12th"]
[Site "Aix les Bains"]
[Date "2011.03.23"]
[Round "2"]
[White "Bellaiche, Antony"]
[Black "Chatalbashev, Boris"]
[Result "1-0"]
[ECO "B07"]
[WhiteElo "2472"]
[BlackElo "2602"]
[Annotator "ChessBase II"]
[PlyCount "109"]
[EventDate "2011.03.22"]
[EventType "swiss"]
[EventRounds "11"]
[EventCountry "FRA"]
[SourceTitle "CBM 142 Extra"]
[Source "ChessBase"]
[SourceDate "2011.06.27"]
[SourceVersion "1"]
[SourceVersionDate "2011.06.27"]
[SourceQuality "1"]
[TimeControl "40/5400+30:1800+30"]

1. e4 d6 2. d4 Nf6 3. Nc3 g6 4. Be3 Bg7 5. Qd2 O-O 6. O-O-O c6 7. f3 (7. Bh6 b5 8. f3) 7... b5 8. Kb1 ({RR} 8. Bd3 a5 9. Kb1 {½-½ Arizmendi Martinez,J (2456)-Korneev,O (2619)/Albacete 2000/CBM 078 ext}) 8... Nbd7 9. h4 ({RR} 9. g4 Nb6 10. g5 Nh5 11. b3 a5 12. Nce2 f5 13. gxf6 Nxf6 14. Ng3 a4 15. h4 axb3 16. cxb3 Be6 17. Bh3 Bf7 18. N1e2 Qb8 19. h5 Qa7 20. Nc1 Rfb8 21. hxg6 hxg6 22. Nf5 Nc4 23. Qg2 Nxe3 {Barria Zuniga,D (2427)-Campora,D (2535) Seville 2008 ½-½ (37)}) ({RR} 9. Bh6 Nb6 10. h4 b4 11. Nce2 Nc4 12. Qg5 Qa5 13. Bxg7 Kxg7 14. Nf4 h6 15. Qxa5 Nxa5 16. e5 Nd7 17. e6 Nb6 18. exf7 Rxf7 19. Ngh3 Nac4 20. Bxc4 Nxc4 21. Rde1 Bxh3 22. Nxh3 Re8 23. Re2 Nb6 {Matsuura,E (2365)-Nascimento,D (1948) Niteroi BRA 2024 1-0 (42)}) 9... Nb6 10. Bd3 $146 ({RR} 10. Bh6 Be6 11. Bxg7 Kxg7 12. h5 b4 13. hxg6 bxc3 14. Qh6+ Kg8 15. g7 Re8 16. e5 Bf5 17. exf6 Nd5 18. Bd3 Bxd3 19. Rxd3 Nxf6 20. Ne2 Qa5 21. g4 cxb2 22. Ng3 {1-0 Hall,J (2450)-Giaccio,A (2350)/La Coruna 1993/EXT 1997}) ({RR} 10. Bh6 Be6 11. Bxg7 Kxg7 12. h5 b4 13. hxg6 bxc3 14. Qh6+ Kg8 15. g7 Re8 16. e5 Bf5 17. exf6 Nd5 18. Bd3 Bxd3 19. Rxd3 Nxf6 20. Ne2 Qa5 21. g4 cxb2 22. Ng3 {1-0 (22) Hall,J (2450)-Giaccio,A (2350) La Coruna 1993}) ({RR} 10. b3 h5 11. Bh6 Qc7 12. g4 e5 13. Bxg7 Kxg7 14. g5 Nh7 15. Bh3 b4 16. Nce2 c5 17. dxc5 dxc5 18. Qd6 Qxd6 19. Rxd6 Ba6 20. c4 Rad8 21. Rxd8 Rxd8 22. Kc2 Bxc4 23. bxc4 Nxc4 24. Kb3 Nb6 {Zivkovic,N (2301)-Pancevski,F (2464) Struga 2014 ½-½ (50)}) 10... h5 11. Bh6 (11. Nh3 Nc4) 11... e5 12. dxe5 dxe5 13. Bxg7 Kxg7 14. Nce2 Qe7 15. Ng3 Nfd7 16. N1e2 Nc5 $132 17. Qe3 Rb8 18. Ka1 a5 19. f4 Bg4 20. f5 Nbd7 21. Rdf1 a4 22. Nc1 a3 23. b3 Qd6 24. Be2 Qd4+ 25. Qxd4 exd4 26. Bxg4 hxg4 27. Rd1 Rbe8 28. Rxd4 Nf6 29. fxg6 fxg6 30. Re1 Nd5 31. e5 Nf4 32. b4 Nce6 33. Rd7+ Kh6 34. Ne4 Rd8 (34... Nxg2 35. Rg1 Ne3 36. Nf6 ) 35. Rxd8 Rxd8 36. g3 Ng2 37. Re2 Rd1 38. Kb1 Rg1 39. Nf6 Ne1 (39... Nxh4 $5 40. gxh4 g3 $44) 40. Nxg4+ Kg7 41. Re3 Nd4 42. Rxa3 Nef3 43. Rd3 Rxg3 44. Nh2 Rh3 45. Nxf3 Nxf3 46. Kb2 Ng1 47. Rxh3 Nxh3 48. Ne2 Kf7 49. Nd4 Nf4 50. Nxc6 Ke6 51. a4 bxa4 52. Ka3 Kd5 53. b5 Kc5 54. Kxa4 Kb6 55. Ne7 1-0